 Dungeon Crawl Stone Soup version 0.14-a0-1844-g8283a67 (webtiles) character file.

122 M4edhros the Ducker (level 3, 0/26 HPs)
             Began as an Octopode Chaos Knight on Jan 12, 2014.
             Was a Plaything of Xom.
             Slain by a phantom (5 damage)
             ... on Level 3 of the Dungeon.
             The game lasted 00:02:21 (1308 turns).

M4edhros the Ducker (Octopode Chaos Knight)         Turns: 1308, Time: 00:02:21

HP   0/26        AC  1     Str 11      XL: 3   Next: 62%
MP   3/3         EV 13     Int 20      God: Xom
Gold 78          SH  0     Dex 11      Spells:  0 memorised,  2 levels left

rFire  . . .     SeeInvis .     a - +0 spear (chaos)
rCold  . . .     Clarity  .     (no shield)
rNeg   . . .     Conserve .     (helmet restricted)
rPois  .         rCorr    .     (no amulet)
rElec  .         rRot     .     (no ring)
SustAb . .       Spirit   .     (no ring)
rMut   .         Warding  .     (no ring)
Saprov . . .     Stasis   .     (no ring)
                                (no ring)
                                (no ring)
                                (no ring)
                                (no ring)

@: brilliant, not resistant to hostile enchantments, fairly stealthy
A: almost no armour, amphibious, 8 rings, constrict 8, camouflage 1, gelatinous
body 1
a: Renounce Religion


You were on level 3 of the Dungeon.
You worshipped Xom.
You were a favourite toy of Xom.
You were not hungry.

You visited 1 branch of the dungeon, and saw 3 of its levels.

You collected 78 gold pieces.

Inventory:

Hand weapons
 a - a +0,+0 spear of chaos (weapon)
Missiles
 f - 6 poisoned javelins (quivered)
Comestibles
 b - an apricot
 c - a bread ration
 i - 17 sultanas
 k - 13 grapes
 l - an apple
Scrolls
 d - a scroll of immolation {unknown}
 g - a scroll of recharging {unknown}
 j - a scroll of blinking
 m - a scroll of identify {unknown}
 n - a scroll of remove curse {unknown}
Potions
 h - a potion of brilliance {unknown}


   Skills:
 - Level 3.0 Fighting
 - Level 3.0 Polearms
 + Level 4.1 Dodging


You had 2 spell levels left.
You didn't know any spells.

Dungeon Overview and Level Annotations

Branches:
Dungeon (3/16)

Altars:
Makhleb
the Shining One


Innate Abilities, Weirdness & Mutations

You cannot wear most types of armour.
You are amphibious.
You can wear up to eight rings at the same time.
You can use your tentacles to constrict many enemies at once.
Your skin changes colour to match your surroundings (Stlth).
Your rubbery body absorbs attacks (AC +1).


Message History

* * * LOW HITPOINT WARNING * * *
Drink which item? (? for menu, Esc to quit)
You feel better. The phantom barely misses you. The phantom closely misses you.
You hit the phantom.
The phantom is almost destroyed.
The phantom hits you.
You hit the phantom.
The phantom is almost destroyed.
The phantom blinks!
The phantom blinks!
There is an open door here.
The phantom blinks!
The phantom hits you!
* * * LOW HITPOINT WARNING * * *
There is an open door here.
You are too injured to fight recklessly!
You hit the phantom. Space warps around you.
The phantom is almost destroyed.
The phantom hits you.
You die...

#...#.<.+...........+.<.+.#
#...#...#..%.....## #...#.#
#..##'##..#.(((.##.##+##.#
#........#####(##.....!.#
##....##.#####.######..##
#.#####............##.#
####.#####..##'##.###.##.#
#...........#...#.###.##.#
#.##.##.###.@p<.+........#
# #.##.###.#...#..##.#### #
#........##'##..##.#
#.#####.###...........#
#.......# ###.#########
######### ###


You could see a phantom.

Vanquished Creatures
  An adder (D:3)
  A giant gecko (D:2)
  2 bats
  5 goblins
  8 hobgoblins
  4 jackals (D:1)
  A quokka (D:2)
  A giant newt (D:2)
  5 kobolds
  3 rats
31 creatures vanquished.

Notes
Turn   | Place    | Note
--------------------------------------------------------------
     0 | D:1      | M4edhros, the Octopode Chaos Knight, began the quest for the Orb.
     0 | D:1      | Reached XP level 1. HP: 16/16 MP: 1/1
   120 | D:1      | XOM: divination: detect items
   242 | D:1      | Reached XP level 2. HP: 21/21 MP: 2/2
   388 | D:1      | XOM: divination: magic mapping
   612 | D:1      | Found a glowing golden altar of the Shining One.
   811 | D:2      | Found a burning altar of Makhleb.
   865 | D:2      | XOM: divination: magic mapping
   928 | D:2      | Reached XP level 3. HP: 26/26 MP: 3/3
  1167 | D:3      | Reached skill level 4 in Dodging
  1178 | D:3      | XOM: harmless Pois miscast
  1193 | D:3      | XOM: divination: detect items
  1196 | D:3      | Noticed a phantom
  1202 | D:3      | XOM: potion effect (heal wounds)
  1207 | D:3      | XOM: silly message
  1299 | D:3      | XOM: harmless Conj miscast
  1301 | D:3      | XOM: potion effect (brilliance)
  1308 | D:3      | Slain by a phantom

Action                   || total
-------------------------++-------
Melee: Spear             ||    89
  Use: Potion            ||     4
       Scroll            ||     1
 Stab: Sleeping          ||     2
       Paralysed         ||     5
